 Dungeon Crawl Stone Soup version 0.31.0-1-g2c135a0 (webtiles) character file.

Game seed: 3774877922350410334

109 jagoly the Trooper (level 4, 0/29 HPs)
             Began as a Gargoyle Monk on Feb 1, 2024.
             Slain by a ribbon worm (1 damage)
             ... on level 4 of the Dungeon.
             The game lasted 00:04:18 (754 turns).

jagoly the Trooper (Gargoyle Monk)                   Turns: 754, Time: 00:04:18

Health: 0/29       AC:  8    Str: 17    XL:     4   Next: 90%
Magic:  4/4        EV: 11    Int: 10    God:
Gold:   90         SH:  0    Dex: 12    Spells: 3/3 levels left

rFire   . . .        a - +0 hand axe
rCold   . . .        d - orb {light}
rNeg    + . .        h - +0 ring mail
rPois   ∞            (no helmet)
rElec   +            (no cloak)
rCorr   .            (no gloves)
SInv    .            (no boots)
Will    .....        (no amulet)
Stlth   +            (no ring)
HPRegen 0.24/turn    (no ring)
MPRegen 0.09/turn

%: no passive effects
@: glowing
A: sickness immunity, AC +3, negative energy resistance 1, electricity
resistance, torment resistance 1, petrification resistance
a: no special abilities


You were on level 4 of the Dungeon.
You visited 1 branch of the dungeon, and saw 4 of its levels.

You collected 90 gold pieces.

Inventory:

Hand Weapons
 a - a +0 hand axe (weapon)
Missiles
 e - 3 boomerangs (quivered)
 g - 15 stones
 o - 5 atropa-tipped darts
Armour
 b - a +0 robe
 d - an orb of light (worn)
 h - a +0 ring mail (worn)
 m - a +0 leather armour of willpower
Wands
 k - a wand of paralysis (6)
Scrolls
 f - a scroll of silence {unknown}
 i - a scroll of teleportation {unknown}
 j - a scroll of revelation {unknown}
 n - a scroll of enchant weapon {unknown}
Potions
 c - a potion of ambrosia
 l - a potion of degeneration {unknown}


   Skills:
 + Level 3.9 Fighting
 * Level 3.7 Axes
 + Level 1.7 Armour
 + Level 2.9 Dodging
 - Level 1.0 Stealth


You had 3 spell levels left.
You didn't know any spells.
Your spell library was empty.

Dungeon Overview and Level Annotations

Branches:
Dungeon (4/15) Zot: 23226
 Temple: D:4-7

Altars:

Annotations:
D:2 Sigmund


Innate Abilities, Weirdness & Mutations

You are immune to sickness and miasma.
Your stone body is resilient. (AC +3)
You are immune to poison.
You resist negative energy. (rN+)
You are resistant to electric shocks. (rElec)
You are resistant to unholy torment.
You are immune to petrification.


Message History

A goblin comes into view. It is wielding a +0 club.
You hit the goblin.
You kill the goblin!
No target in view!
You now have 34 gold pieces (gained 17).
A bat comes into view.
The bat hits you but does no damage.
You barely miss the bat. The bat barely misses you.
The bat hits you but does no damage.
You hit the bat.
You kill the bat!
Found a stone staircase leading down and a stone staircase leading up.
There is a stone staircase leading down here.
You climb downwards.
There is a stone staircase leading up here.
You climb upwards.
There is a stone staircase leading down here.
There is a stone staircase leading up here.
You climb upwards.
Found a scroll labelled BOS UNONIKKOWK.
There is a stone staircase leading down here.
A ball python comes into view.
The ball python hisses angrily.
The hobgoblin barely misses you.
You hit the hobgoblin.
The hobgoblin is heavily wounded.
The hobgoblin barely misses you.
You hit the hobgoblin.
The hobgoblin is almost dead.
You barely miss the ball python. The hobgoblin closely misses you.
The ball python bites you but does no damage.
The ball python barely misses you.
You hit the hobgoblin.
You kill the hobgoblin!
You barely miss the ball python. The ball python barely misses you. x2
Your Axes skill increases to level 3!
You barely miss the ball python. The ball python misses you.
The ball python grabs you. The ball python constricts you.
The ball python bites you but does no damage.
The ball python constricts you.
You hit the ball python.
You kill the ball python!
No target in view!
Found 6 gold pieces.
j - a scroll labelled BOS UNONIKKOWK
Found 8 stones.
You now have 40 gold pieces (gained 6).
g - 15 stones (gained 8)
A goblin comes into view. It is wielding a +0 dagger.
The goblin hits you with a +0 dagger.
A goblin is nearby!
You barely miss the goblin. The goblin hits you but does no damage.
You hit the goblin.
The goblin is moderately wounded.
The goblin hits you but does no damage.
You hit the goblin.
The goblin is severely wounded.
The goblin barely misses you.
You hit the goblin.
You kill the goblin!
Found an escape hatch in the floor.
An endoplasm comes into view.
The endoplasm quivers.
An endoplasm is nearby!
You hit the endoplasm.
The endoplasm is lightly wounded.
The endoplasm closely misses you. The endoplasm freezes you.
You are frozen.
You slash the endoplasm!
You kill the endoplasm!
A hobgoblin comes into view.
The hobgoblin shouts!
A hobgoblin is nearby!
The hobgoblin barely misses you.
You barely miss the hobgoblin.
The hobgoblin hits you but does no damage.
You hit the hobgoblin.
The hobgoblin is severely wounded.
The hobgoblin hits you but does no damage.
You hit the hobgoblin.
You kill the hobgoblin!
You see here a hobgoblin corpse.
A hobgoblin comes into view.
A hobgoblin is nearby!
A hobgoblin is nearby!
The hobgoblin closely misses you.
You hit the hobgoblin.
The hobgoblin is lightly wounded.
The hobgoblin barely misses you.
You hit the hobgoblin but do no damage.
The hobgoblin is lightly wounded.
The hobgoblin misses you.
You hit the hobgoblin.
The hobgoblin is severely wounded.
The hobgoblin closely misses you. x2
You hit the hobgoblin.
The hobgoblin is almost dead.
The hobgoblin hits you but does no damage.
You hit the hobgoblin.
You kill the hobgoblin!
Training target 1.0 for Stealth reached!
Your Stealth skill increases to level 1!
Found 7 gold pieces.
A hobgoblin comes into view.
The hobgoblin shouts!
You see here 7 gold pieces.
You now have 47 gold pieces (gained 7).
You hit the hobgoblin but do no damage.
The hobgoblin hits you but does no damage.
You hit the hobgoblin.
The hobgoblin is moderately wounded.
The hobgoblin closely misses you.
You hit the hobgoblin.
You kill the hobgoblin!
An endoplasm comes into view.
The endoplasm quivers.
An endoplasm is nearby!
The endoplasm freezes you.
You are frozen.
You hit the endoplasm.
The endoplasm is severely wounded.
The endoplasm freezes you.
You are frozen.
The endoplasm closely misses you.
You hit the endoplasm.
You kill the endoplasm!
HP restored.
A hobgoblin comes into view.
The hobgoblin shouts!
You hit the hobgoblin.
The hobgoblin is almost dead.
The hobgoblin barely misses you.
You hit the hobgoblin.
You kill the hobgoblin!
You have reached level 3!
Your experience leads to an increase in your attributes!
Increase (S)trength, (I)ntelligence, or (D)exterity?
You feel stronger. x2
There is a stone staircase leading down here.
You climb downwards.
There is a stone staircase leading up here.
A ball python comes into view.
The ball python hisses angrily.
You hear a shout!
A ball python is nearby!
A hobgoblin comes into view.
You hit the ball python.
The ball python is moderately wounded.
The ball python barely misses you. The ball python closely misses you.
You hit the ball python.
The ball python is severely wounded.
The ball python closely misses you. The ball python misses you.
You hit the ball python.
You kill the ball python!
The hobgoblin barely misses you.
You see here a ball python corpse.
You barely miss the hobgoblin.
The hobgoblin hits you but does no damage.
The hobgoblin barely misses you.
You hit the hobgoblin.
The hobgoblin is heavily wounded.
The hobgoblin barely misses you.
You hit the hobgoblin.
The hobgoblin is severely wounded.
The hobgoblin closely misses you.
You hit the hobgoblin but do no damage.
The hobgoblin is severely wounded.
The hobgoblin completely misses you.
You hit the hobgoblin.
You kill the hobgoblin!
You see here a hobgoblin corpse.
Found a spear.
Found a robe.
You see here a +0 robe.
A ball python comes into view.
A ball python is nearby!
A quokka comes into view.
Found a stone staircase leading up.
Found a stone staircase leading down.
Found 11 gold pieces.
The quokka bites you.
You hit the quokka.
You kill the quokka!
You hit the ball python but do no damage.
The ball python completely misses you. The ball python grabs you.
The ball python constricts you.
You slash the ball python!
You kill the ball python!
No target in view!
There is a stone staircase leading up here.
You climb upwards.
There is a stone staircase leading down here.
You climb downwards.
There is a stone staircase leading up here.
You now have 58 gold pieces (gained 11).
There is a stone staircase leading up here.
There is a stone staircase leading down here.
You climb downwards.
The adder closely misses you.
There is a stone staircase leading up here.
You hit the adder.
The adder is heavily wounded.
The adder bites you but does no damage. x2
You slash the adder!
You kill the adder!
Your Armour skill increases to level 1!
No target in view!
A rat comes into view.
The rat squeaks loudly.
An adder comes into view.
Found a brass wand.
The adder hisses angrily.
An adder comes into view.
A quokka comes into view.
A rat comes into view.
The adder hisses angrily.
The rat squeaks loudly.
The adder barely misses you.
You hit the adder.
The adder is severely wounded.
The adder bites you but does no damage. x2
You hit the adder but do no damage.
The adder is severely wounded.
The adder bites you.
You slash the adder!
You kill the adder!
The adder bites you but does no damage.
You slash the adder!
The adder is severely wounded.
The adder bites you but does no damage.
You hit the adder.
You kill the adder!
You hit the rat.
You kill the rat!
You have reached level 4!
You feel stronger.
You completely miss the quokka. The quokka misses you.
The quokka bites you but does no damage.
You barely miss the quokka. The quokka closely misses you.
You closely miss the quokka.
The quokka bites you but does no damage.
The quokka bites you.
You barely miss the quokka. The quokka misses you.
You hit the quokka.
You kill the quokka!
You hit the rat but do no damage. The rat bites you.
You hit the rat.
You kill the rat!
No target in view!
No target in view!
Items here: ††††.
Found a viscous red potion.
k - a wand of paralysis (6)
l - a viscous red potion HP restored.
Found a sling.
Found a stone staircase leading down.
Found a stone staircase leading up.
There is a stone staircase leading up here.
You climb upwards.
The endoplasm quivers.
The endoplasm freezes you.
You are frozen.
The kobold hits you with a +0 whip.
Found 32 gold pieces.
Found an escape hatch in the ceiling.
There is a stone staircase leading down here.
You hit the kobold.
The kobold is severely wounded.
You hit the endoplasm. The endoplasm hits you. The kobold misses you.
You hit the kobold but do no damage.
The kobold is severely wounded.
You hit the endoplasm.
You kill the endoplasm!
The kobold hits you with a +0 whip.
You hit the kobold but do no damage.
The kobold is severely wounded.
The kobold barely misses you.
You barely miss the kobold.
The kobold is heavily wounded.
The kobold closely misses you.
You slash the kobold!
You kill the kobold!
No target in view!
You see here a +0 whip.
You now have 72 gold pieces (gained 14).
You now have 78 gold pieces (gained 6).
Found a dyed leather armour.
There is an escape hatch in the ceiling here.
You now have 90 gold pieces (gained 12).
A ribbon worm comes into view.
Found a scroll labelled NOAJEVVEAKK.
The ribbon worm expels a string of sticky webbing.
The stream of webbing hits you but does no damage.
You are caught in a web!
There is a web here.
You see here a +0 leather armour of willpower.
m - a +0 leather armour of willpower You struggle to detach yourself from the web.
The ribbon worm barely misses you.
The web tears apart.
The ribbon worm expels a string of sticky webbing.
The stream of webbing hits you but does no damage.
You are caught in a web!
The web tears apart.
You hit the ribbon worm.
The ribbon worm is moderately wounded.
The ribbon worm barely misses you.
You hit the ribbon worm but do no damage.
The ribbon worm is moderately wounded.
The ribbon worm barely misses you.
You hit the ribbon worm.
The ribbon worm is heavily wounded.
The ribbon worm expels a string of sticky webbing.
The stream of webbing hits you but does no damage.
You are caught in a web!
You struggle to detach yourself from the web.
The ribbon worm expels a string of sticky webbing.
The stream of webbing hits you but does no damage.
You are even more entangled.
The web tears apart.
The ribbon worm bites you but does no damage.
You hit the ribbon worm.
The ribbon worm is heavily wounded.
The ribbon worm barely misses you.
You completely miss the ribbon worm.
The ribbon worm is heavily wounded.
The ribbon worm bites you.
You hit the ribbon worm.
The ribbon worm is heavily wounded.
You hit the ribbon worm.
The ribbon worm is severely wounded.
The ribbon worm barely misses you.
You hit the ribbon worm.
The ribbon worm is severely wounded.
The ribbon worm closely misses you.
You hit the ribbon worm.
You kill the ribbon worm!
Sigmund the Dreaded comes into view.
He is wielding a +0 scythe.
Sigmund shouts!
You see here a scroll labelled NOAJEVVEAKK.
n - a scroll labelled NOAJEVVEAKK Sigmund gestures at you while chanting.
You are confused.
You bump into the rock wall.
You bump into the rock wall.
Sigmund casts a spell at you.
You are more confused.
Sigmund says, "Your kind have come here before.
I understand now why.
You desire death..."
Sigmund hits you with a +0 scythe! Sigmund hits you but does no damage.
You bump into the rock wall.
You bump into the rock wall.
Sigmund barely misses you.
You bump into the rock wall.
Sigmund hits you from afar with a +0 scythe!
* * * LOW HITPOINT WARNING * * *
You bump into the rock wall.
You bump into the rock wall.
Sigmund hits you from afar with a +0 scythe.
* * * LOW HITPOINT WARNING * * *
You bump into the rock wall.
You feel less confused. Sigmund gestures at you while chanting.
You resist with some effort. Sigmund attacks as he pursues you!
Sigmund barely misses you.
There is an escape hatch in the ceiling here.
Sigmund points at you and mumbles some strange words.
The puff of flame hits you!
* * * LOW HITPOINT WARNING * * *
A mysterious force pulls you upwards. The hatch slams shut behind you.
There is an escape hatch in the floor here.
There is an escape hatch in the floor here.
You slide downwards.
The hatch slams shut behind you.
Level annotation: Sigmund
There is a stone staircase leading down here.
You climb downwards.
There is a stone staircase leading up here.
There is a stone staircase leading up here.
Found a stone staircase leading down.
There is a stone staircase leading down here.
You climb downwards.
The jelly quivers.
The goblin shouts!
Found 5 atropa-tipped darts.
There is a stone staircase leading up here.
Aiming: Paralyse
Press: ? - help, Shift-Dir - straight line, f - jelly
Aim: a jelly (haloed, chance to affect: 57%)
Okay, then.
Throw: 3 boomerangs
Press: ? - help, Q - select action, (/) - cycle Shift-Dir - straight line, f - jelly
Aim: a jelly (haloed, 97% to hit)
You throw a boomerang. The boomerang hits the jelly!
The jelly is moderately wounded.
The ribbon worm expels a string of sticky webbing.
The stream of webbing hits you but does no damage.
You are caught in a web!
You cannot throw/fire anything while caught in a web.
Unknown command.
The adder bites you but does no damage. The jelly hits you but does no damage.
The adder misses you.
You climb upwards.
There is a stone staircase leading down here.
You slash the jelly!
Your hands burn!
* * * LOW HITPOINT WARNING * * *
The jelly is almost dead.
You hit the adder. The adder bites you but does no damage.
The jelly hits you but does no damage.
You hit the jelly but do no damage.
Your hands burn!
* * * LOW HITPOINT WARNING * * *
The jelly is almost dead.
You closely miss the adder. The adder bites you but does no damage.
The jelly barely misses you. The adder bites you but does no damage.
You hit the jelly.
You kill the jelly!
You closely miss the adder. The adder barely misses you.
You barely miss the adder.
The adder is lightly wounded.
The adder completely misses you. The adder closely misses you.
You hit the adder.
The adder is severely wounded.
The adder misses you.
You hit the adder.
You kill the adder!
You climb downwards.
The goblin barely misses you.
There is a stone staircase leading up here.
You hit the goblin.
The goblin is severely wounded.
The goblin hits you but does no damage. x2
You hit the goblin.
You kill the goblin!
You hit the ribbon worm.
The ribbon worm is moderately wounded.
The ribbon worm closely misses you.
You hit the ribbon worm.
The ribbon worm is heavily wounded.
The ribbon worm bites you.
* * * LOW HITPOINT WARNING * * *
You completely miss the ribbon worm.
The ribbon worm is heavily wounded.
The ribbon worm bites you but does no damage.
You hit the ribbon worm but do no damage.
The ribbon worm is heavily wounded.
The ribbon worm barely misses you.
You slash the ribbon worm!
The ribbon worm is severely wounded.
The ribbon worm bites you but does no damage.
You hit the ribbon worm.
The ribbon worm is almost dead.
The ribbon worm expels a string of sticky webbing.
The stream of webbing hits you but does no damage.
You are caught in a web!
You slash the ribbon worm!
You kill the ribbon worm!
A ribbon worm comes into view.
You see here a ribbon worm corpse.
You see here 5 atropa-tipped darts.
o - 5 atropa-tipped darts
Found a scroll labelled BACLIC IWKAIN.
You hit the ribbon worm.
The ribbon worm is lightly wounded.
The ribbon worm bites you.
You hit the ribbon worm but do no damage.
The ribbon worm is lightly wounded.
The ribbon worm closely misses you.
You hit the ribbon worm.
The ribbon worm is lightly wounded.
The ribbon worm expels a string of sticky webbing.
The stream of webbing hits you but does no damage.
You are caught in a web!
You struggle to detach yourself from the web.
The ribbon worm bites you.
* * * LOW HITPOINT WARNING * * *
You struggle to detach yourself from the web.
The ribbon worm bites you but does no damage.
The web tears apart.
You hit the ribbon worm.
The ribbon worm is lightly wounded.
The ribbon worm bites you.
* * * LOW HITPOINT WARNING * * *
You hit the ribbon worm.
The ribbon worm is moderately wounded.
The ribbon worm expels a string of sticky webbing.
The stream of webbing hits you but does no damage.
You are caught in a web!
The web tears apart.
The ribbon worm bites you.
* * * LOW HITPOINT WARNING * * *
You hit the ribbon worm.
The ribbon worm is heavily wounded.
The ribbon worm expels a string of sticky webbing.
The stream of webbing hits you but does no damage.
You are caught in a web!
The web tears apart.
The ribbon worm bites you!
* * * LOW HITPOINT WARNING * * *
You hit the ribbon worm.
The ribbon worm is heavily wounded.
The ribbon worm barely misses you.
You slash the ribbon worm!
The ribbon worm is almost dead.
You hit the ribbon worm but do no damage.
The ribbon worm is almost dead.
The ribbon worm bites you.
* * * LOW HITPOINT WARNING * * *
You hit the ribbon worm but do no damage.
The ribbon worm is almost dead.
The ribbon worm bites you.
You die...

#..............
###.............. .
................
..##..............
.........<.......
#.....†).......
#..............
#..............
#..@...........
......w............
...................
...................
..................
.................
.........#######
?........# ...


You could see a ribbon worm.

Vanquished Creatures
  A jelly (D:3)
  4 adders (D:3)
  A dart slug (D:1)
  2 ribbon worms
  5 endoplasms
  5 goblins
  6 hobgoblins
  2 quokkas
  3 ball pythons
  2 bats (D:2)
  2 frilled lizards (D:2)
  2 kobolds
  2 rats (D:3)
37 creatures vanquished.

Notes
Turn   | Place    | Note
-------+----------+-------------------------------------------
     0 | D:1      | jagoly the Gargoyle Monk began the quest for the Orb.
     0 | D:1      | Reached XP level 1. HP: 14/14 MP: 1/1
    72 | D:1      | Reached XP level 2. HP: 16/19 MP: 2/2
   390 | D:1      | Reached skill level 1 in Stealth
   438 | D:1      | Reached XP level 3. HP: 23/23 MP: 3/3
   535 | D:3      | Reached skill level 1 in Armour
   556 | D:3      | Reached XP level 4. HP: 29/29 MP: 4/4
   631 | D:2      | Noticed Sigmund
   652 | D:2      | HP: 1/29 [Sigmund/puff of flame (10)]
   753 | D:4      | HP: 1/29 [ribbon worm (4)]
   754 | D:4      | Slain by a ribbon worm

Illustrated notes

Levels and vault maps discovered:
D:1:      dpeg_arrival_tiny_f, layout_loops_ring
D:2:      layout_loops_ring, uniq_sigmund
D:3:      layout_loops_ring
D:4:      layout_basic, minmay_temple_entry_fiery, gammafunk_ghost_split,
          kennysheep_small_spiral

Skill      XL: |  1  2  3 |
---------------+----------+-----
Axes           | 3 |  3.7
Stealth        | 1 |  1.0
Armour         | 1 |  1.7
Fighting       | |  3.9
Dodging        | |  2.9

Action                     |  1- 3 |  4- 6 || total
---------------------------+-------+-------++-------
  Melee: Hand axe          |    77 |    46 ||   123
  Throw: Boomerang         |       |     1 ||     1
 Armour: Robe              |    18 |       ||    18
         Ring mail         |    20 |    33 ||    53
  Dodge: Dodged            |    48 |    25 ||    73
